 Dungeon Crawl Stone Soup version 0.28.0-53-g5a82cb258f (webtiles) character file.

Game seed: 1833850600996360311

72 DildoBatman the Conjurer (level 4, -1/28 (30) HPs)
             Began as a Formicid Conjurer on June 2, 2022.
             Slain by a ball python (2 damage)
             ... on level 3 of the Dungeon.
             The game lasted 00:02:48 (973 turns).

DildoBatman the Conjurer (Formicid Conjurer)         Turns: 973, Time: 00:02:49

HP:   -1/28 (30)    AC:  2    Str: 12    XL:     4   Next: 48%
MP:   7/7           EV:  9    Int: 17    God:
Gold: 38            SH:  0    Dex: 11    Spells: 4/7 levels left

rFire   . . .      SeeInvis +   a - +0 spear
rCold   . . .      Faith    .   (no shield)
rNeg    + . .      Spirit   .   n - +0 robe
rPois   .          Reflect  .   (helmet unavailable)
rElec   .          Harm     .   (no cloak)
rCorr   .          Rampage  .   (no gloves)
Will    .....                   (no boots)
Stlth   ++........              g - amulet of the acrobat
HPRegen 0.09/turn               k - ring of positive energy
MPRegen 0.10/turn               (no ring)

@: constricted, drained
A: permanent stasis, dig shafts and tunnels, antennae 3, four strong arms
a: Dig, Shaft Self


You were on level 3 of the Dungeon.
You visited 1 branch of the dungeon, and saw 3 of its levels.

You collected 38 gold pieces.

Inventory:

Hand Weapons
 a - a +0 spear (weapon)
 b - a +0 whip
 f - a +0 short sword
Missiles
 c - 61 stones
 o - 27 arrows
 p - 22 sling bullets
Armour
 n - a +0 robe (worn)
Jewellery
 g - an amulet of the acrobat (around neck)
 k - a ring of positive energy (left hand)
Scrolls
 h - a scroll of magic mapping {unknown}
 i - a scroll of identify {unknown}
 j - a scroll of silence {unknown}
 m - a scroll of teleportation {unknown}
Potions
 d - a potion of invisibility {unknown}
 e - a potion of mutation {unknown}
 l - a potion of curing {unknown}


   Skills:
 - Level 1.7 Dodging
 - Level 2.4 Stealth
 - Level 2.1 Spellcasting
 * Level 5.1 Conjurations


You had 4 spell levels left.
You knew the following spells:

 Your Spells              Type           Power      Damage    Failure   Level
a - Searing Ray           Conj           38%        2d5       3%          2
c - Magic Dart            Conj           76%        1d6       2%          1

Your spell library contained the following spells:

 Spells                   Type           Power      Damage    Failure   Level
 Dazzling Flash           Conj/Hex       20%        N/A       21%         3
 Fulminant Prism          Conj/Hex       5%         3d7       54%         4
 Iskenderun's Mystic Bla  Conj/Tloc      10%        2d4       54%         4


Dungeon Overview and Level Annotations

Branches:
Dungeon (2/15)

Altars:


Innate Abilities, Weirdness & Mutations

You cannot be hasted, slowed, berserked, paralysed or teleported.
You can dig through walls and to a lower floor.
You have a pair of large antennae on your head. (SInv)
Your four strong arms can wield two-handed weapons with a shield.


Message History

Orders for allies: a - Attack new target. r - Retreat! s - Stop attacking. g - Guard the area. f - Follow me.
Anything else - Cancel.
You shout for attention!
The jackal closely misses you.
You extend your mandibles.
You dig through the rock wall.
You feel drained. The jackal closely misses you.
The ball python completely misses you. The ball python closely misses you.
The jackal bites you. The jackal barely misses you.
What are your orders? t - Shout!
Orders for allies: a - Attack new target. r - Retreat! s - Stop attacking. g - Guard the area. f - Follow me.
Anything else - Cancel.
You shout for attention!
The ball python closely misses you. The ball python grabs you.
The ball python constricts you. The jackal barely misses you.
The jackal bites you. The ball python closely misses you.
The ball python constricts you. The jackal barely misses you.
What are your orders? t - Shout!
Orders for allies: a - Attack new target. r - Retreat! s - Stop attacking. g - Guard the area. f - Follow me.
Anything else - Cancel.
You shout for attention!
The jackal bites you but does no damage.
The jackal closely misses you. The ball python bites you.
You die...

## ..# #.#
#.#
#.######.#
#.........
#hS......#
#h@# #.##
#.# #.#
#.# #.#
#.# ..#
###


You could see 2 jackals and a ball python.

Vanquished Creatures
  3 gnolls (D:2)
  An adder (D:2)
  A worm (D:1)
  A dart slug (D:2)
  2 ball pythons (D:1)
  4 bats
  An endoplasm (D:1)
  2 goblins
  3 hobgoblins
  A quokka (D:1)
  2 frilled lizards
  4 kobolds
  7 rats
32 creatures vanquished.

Notes
Turn   | Place    | Note
-------+----------+-------------------------------------------
     0 | D:1      | DildoBatman the Formicid Conjurer began the quest for the
                  | Orb.
     0 | D:1      | Reached XP level 1. HP: 13/13 MP: 3/3
   180 | D:1      | Found a faded altar of an unknown god.
   213 | D:1      | Reached XP level 2. HP: 19/19 MP: 1/5
   220 | D:1      | Learned a level 2 spell: Searing Ray
   254 | D:1      | Reached skill level 4 in Conjurations
   443 | D:1      | Reached XP level 3. HP: 24/24 MP: 1/6
   923 | D:2      | Reached skill level 5 in Conjurations
   923 | D:2      | Reached XP level 4. HP: 24/30 MP: 3/7
   925 | D:2      | You fall into a shaft and drop 1 floor!
   972 | D:3      | HP: 1/28 [jackal (3)]
   973 | D:3      | Slain by a ball python

Illustrated notes

Levels and vault maps discovered:
D:1:      lightli_arrival_boilingwater, layout_basic, basic_ecumenical_altar
D:2:      layout_loops_ring, uniq_sigmund
D:3:      layout_loops_ring, ebering_ghost_sewer_f, serial_shops, shop_statue,
          uniq_robin

Skill      XL: |  1  2  3 |
---------------+----------+-----
Conjurations   | 4 5 |  5.1
Dodging        | |  1.7
Stealth        | |  2.4
Spellcasting   | |  2.1

Action                   |  1- 3 |  4- 6 || total
-------------------------+-------+-------++-------
Melee: Whip              |     2 |       ||     2
       Short sword       |     8 |       ||     8
       Spear             |     3 |       ||     3
       Punch             |     1 |       ||     1
 Cast: Magic Dart        |    24 |       ||    24
       Searing Ray       |     7 |       ||     7
 Abil: Dig               |       |     1 ||     1
       Shaft Self        |       |     1 ||     1
 Stab: Sleeping          |     2 |       ||     2
Armor: Robe              |     3 |    14 ||    17
Dodge: Dodged            |    26 |    34 ||    60
